 Dungeon Crawl Stone Soup version 0.22-a0-305-gd21a89c (webtiles) character file.

20 grindst0ne the Skirmisher (level 2, -3/24 HPs)
             Began as a Mummy Fighter on Mar 31, 2018.
             Slain by an adder (4 damage)
             ... on level 2 of the Dungeon.
             The game lasted 00:01:43 (703 turns).

grindst0ne the Skirmisher (Mummy Fighter)            Turns: 703, Time: 00:01:44

Health: -3/24      AC:  7    Str: 19    XL:     2   Next: 58%
Magic:  2/2        EV:  7    Int:  7    God:
Gold:   61         SH:  8    Dex: 11    Spells: 1/1 levels left

rFire    x . .     SeeInvis .   a - +0 flail
rCold    + . .     Gourm    .   c - +0 shield
rNeg     + + +     Faith    .   b - +0 scale mail
rPois    ∞         Spirit   .   (no helmet)
rElec    .         Reflect  .   (no cloak)
rCorr    .         Harm     .   g - +0 pair of gloves
MR       .....                  (no boots)
Stlth    ..........             (no amulet)
HPRegen  0.08/turn              d - ring of loudness (curse)
MPRegen  0.08/turn              (no ring)

@: no status effects
A: no food or potions, fire vulnerability, cold resistance 1, negative energy
resistance 3, torment resistance, unbreathing
a: no special abilities


You were on level 2 of the Dungeon.
You were not hungry.

You visited 1 branch of the dungeon, and saw 2 of its levels.

You collected 61 gold pieces.

Inventory:

Hand Weapons
 a - a +0 flail (weapon)
Armour
 b - a +0 scale mail (worn)
 c - a +0 shield (worn)
 g - a +0 pair of gloves (worn)
Jewellery
 d - a cursed ring of loudness (left hand)
Scrolls
 e - a scroll of enchant armour {unknown}
 f - a scroll of random uselessness {unknown}
 h - a scroll of amnesia {unknown}
 i - a scroll of immolation {unknown}


   Skills:
 + Level 3.2 Fighting
 + Level 1.9 Maces & Flails
 + Level 2.6 Armour
 + Level 2.6 Shields


You had one spell level left.
You didn't know any spells.

Dungeon Overview and Level Annotations

Branches:
Dungeon (2/15)

Altars:


Innate Abilities, Weirdness & Mutations

You do not eat or drink.
Your flesh is vulnerable to fire.
You are immune to poison.
Your flesh is cold resistant. (rC+)
You are immune to negative energy. (rN+++)
You are immune to unholy pain and torment.
You can survive without breathing.


Message History

You closely miss the adder.
The adder is lightly wounded.
You block the adder's attack. The adder bites you but does no damage.
You miss the adder.
The adder is lightly wounded.
The adder barely misses you. The adder bites you.
* * * LOW HITPOINT WARNING * * *
You thump the adder!
The adder is almost dead.
The adder bites you but does no damage.
Your shield and scale mail prevent you from hitting the adder.
The adder is almost dead.
You block the adder's attack. The adder bites you but does no damage.
You closely miss the adder.
The adder is almost dead.
You block the adder's attack. The adder closely misses you.
You hit the adder but do no damage.
The adder is almost dead.
The adder bites you.
You die...

.. ##.###.# .. #.## ##.
... ##.###.# #.# ##.#.##
#.# ##...# #.####
##..... ##.##.##
##......
#######......####.......
.......@........'.......
#####..S.....####.......
#.........# ##......
##....†..## ####.....
##.....## #.....<.#
##...## #......†. ##<##
#.####.## #.# #.## #.#
....


You could see an adder.

Vanquished Creatures
  An adder (D:2)
  2 goblins (D:1)
  A hobgoblin (D:1)
  A kobold (D:1)
  3 bats
  4 rats (D:1)
12 creatures vanquished.

Notes
Turn   | Place    | Note
-------+----------+-------------------------------------------
     0 | D:1      | grindst0ne the Mummy Fighter began the quest for the Orb.
     0 | D:1      | Reached XP level 1. HP: 18/18 MP: 1/1
   359 | D:1      | Reached XP level 2. HP: 24/24 MP: 2/2
   699 | D:2      | HP: 1/24 [adder (3)]
   703 | D:2      | Slain by an adder

Vault maps used:
D:1:      shiori_arrival_oz

Action                   || total
-------------------------++-------
Melee: Flail             ||    54
Armor: Scale mail        ||    27
Dodge: Dodged            ||    17
Block: Shield            ||    27

Table legend:
 A = Spawn XP
 B = Non-spawn XP
 C = Spawn XP percentage of total XP
 D = Spawn monster count
 E = Non-spawn monster count
 F = Spawn count percentage of total count
 G = Total turns spent on level
                    A         B        C        D         E        F      G
               +---------+---------+-------+---------+---------+-------+---------
         Total |       0 |      29 |   0.0 |       0 |      12 |   0.0 |   703
               +---------+---------+-------+---------+---------+-------+---------
           D:1 |       0 |      14 |   0.0 |       0 |      10 |   0.0 |   593
           D:2 |       0 |      15 |   0.0 |       0 |       2 |   0.0 |   110
               +---------+---------+-------+---------+---------+-------+---------
